 Dungeon Crawl Stone Soup version 0.19-a0-14-gde87d98 (webtiles) character file.

100 Mefis the Magician (level 4, -3/24 HPs)
             Began as a Deep Elf Wizard on Apr 29, 2016.
             Was an Initiate of Sif Muna.
             Slain by a worker ant (5 damage)
             ... on level 3 of the Dungeon.
             The game lasted 00:08:33 (2723 turns).

Mefis the Magician (Deep Elf Wizard)                Turns: 2723, Time: 00:08:34

Health: -3/24      AC:  2    Str:  4    XL:     4   Next: 46%
Magic:  2/13       EV: 13    Int: 24    God:    Sif Muna [......]
Gold:   67         SH:  0    Dex: 13    Spells: 6 memorised, 1 level left

rFire  . . .     SeeInvis .     l - +0 hunting sling
rCold  . . .     Gourm    .     a - +0 robe
rNeg   . . .     Faith    .     (no shield)
rPois  .         Spirit   .     b - +0 hat
rElec  .         Dismiss  .     (no cloak)
rCorr  .         Reflect  .     (no gloves)
SustAt .         Harm     .     (no boots)
MR     .....                    (no amulet)
Stlth  ++........               (no ring)
                                (no ring)

@: repel missiles, not resistant to hostile enchantments, unstealthy
A: no striking features
a: Renounce Religion


You were on level 3 of the Dungeon.
You worshipped Sif Muna.
Sif Muna was noncommittal.
You were very hungry.

You visited 1 branch of the dungeon, and saw 3 of its levels.

You collected 67 gold pieces.

Inventory:

Hand Weapons
 l - a +0 hunting sling (weapon)
Missiles
 k - 10 poisoned needles
Armour
 a - a +0 robe (worn)
 b - a +0 hat (worn)
Scrolls
 g - 3 scrolls of enchant weapon {unknown}
 p - a scroll of teleportation {unknown}
 r - 3 scrolls of remove curse {unknown}
 s - a scroll of identify {unknown}
Potions
 e - a potion of agility {unknown}
 i - a potion of might {unknown}
 j - a potion of brilliance {unknown}
 n - a potion of lignification {unknown}
 o - a potion of haste {unknown}
 t - 2 potions of berserk rage {unknown}
Books
 c - a book of Minor Magic

   Spells                             Type                      Level
   a - Magic Dart                     Conjuration                  1
   b - Blink                          Translocation                2
   c - Call Imp                       Summoning                    2
   d - Repel Missiles                 Charms/Air                   2
   e - Slow                           Hexes                        2
   f - Conjure Flame                  Conjuration/Fire             3
   g - Mephitic Cloud                 Conjuration/Poison/Air       3
Comestibles
 d - 2 bread rations
 f - 3 beef jerkies
 m - a meat ration


   Skills:
 + Level 2.9 Dodging
 + Level 3.1 Stealth
 + Level 5.7 Spellcasting
 + Level 1.9 Conjurations
 + Level 1.1 Charms
 + Level 1.5 Summonings
 + Level 1.7 Translocations
 + Level 0.0 Poison Magic


You had one spell level left.
You knew the following spells:

 Your Spells              Type           Power        Failure   Level  Hunger
a - Magic Dart            Conj           ###.         4%          1    None
b - Call Imp              Summ           ##......     8%          2    None
c - Blink                 Tloc           N/A          8%          2    None
d - Repel Missiles        Chrm/Air       #.....       12%         2    None
e - Mephitic Cloud        Conj/Pois/Air  ##......     21%         3    #......
f - Conjure Flame         Conj/Fire      ##......     21%         3    #......


Dungeon Overview and Level Annotations

Branches:
Dungeon (3/15)

Altars:
Okawaru
Sif Muna

Annotations:
D:3 no0bjke's ghost, weakling MiFi


Message History

Your shadow imp hits no0bjke's ghost but does no damage.
No0bjke's ghost hits your shadow imp.
Your shadow imp hits no0bjke's ghost but does no damage.
A worker ant comes into view.
No0bjke's ghost barely misses your shadow imp.
Your shadow imp barely misses no0bjke's ghost.
The worker ant twitches its antennae in your direction.
No0bjke's ghost keens inconsolably.
No0bjke's ghost hits your shadow imp.
Your shadow imp dies!
The worker ant closely misses you. No0bjke's ghost hits you!
Your magical contamination has completely faded away.
No0bjke's ghost hits you!
Ouch! That really hurt!
* * * LOW HITPOINT WARNING * * *
A rat comes into view.
No0bjke's ghost barely misses you. The worker ant bites you.
You die...

##################
.................#
####.##.########.#
####.##.### #.#
...$......# #.#
#>##.##.#.# #.#
#....##.#.# #.#
#.#####.# # #@#
.## #.# #a####
<######.# #W...#
..5.5...# #....#
.######## ##...#
.# ##.## .# #.#
.## ... #.## ##.##


You could see a worker ant and no0bjke's ghost.

Vanquished Creatures
  3 adders
  3 gnolls
  2 dart slugs (D:1)
  A giant gecko (D:2)
  5 bats
  A giant cockroach (D:1)
  3 goblins
  5 hobgoblins
  4 giant newts
  5 kobolds
  6 rats
38 creatures vanquished.

Vanquished Creatures (collateral kills)
  A gnoll (D:3)
1 creature vanquished.

Grand Total: 39 creatures vanquished

Notes
Turn   | Place    | Note
--------------------------------------------------------------
     0 | D:1      | Mefis the Deep Elf Wizard began the quest for the Orb.
     0 | D:1      | Reached XP level 1. HP: 10/10 MP: 7/7
   329 | D:1      | Reached skill level 5 in Spellcasting
   492 | D:1      | Reached XP level 2. HP: 15/15 MP: 2/10
   496 | D:1      | Learned a level 2 spell: Call Imp
   566 | D:1      | Learned a level 2 spell: Blink
   569 | D:1      | Learned a level 2 spell: Repel Missiles
   937 | D:1      | Reached XP level 3. HP: 19/19 MP: 6/12
   942 | D:1      | Learned a level 3 spell: Mephitic Cloud
  1211 | D:2      | Found an iron altar of Okawaru.
  1287 | D:2      | Found a deep blue altar of Sif Muna.
  1290 | D:2      | Became a worshipper of Sif Muna the Loreminder
  1966 | D:2      | Reached XP level 4. HP: 18/24 MP: 0/13
  1971 | D:2      | Learned a level 3 spell: Conjure Flame
  2127 | D:2      | Reached skill level 1 in Charms
  2224 | D:3      | Noticed no0bjke's ghost (weakling MiFi)
  2723 | D:3      | Slain by a worker ant

Vault maps used:
D:1:      lightli_arrival_farm
D:2:      okawaru_metal_pillars_1_2, lemuel_blue_sif_altar,
          nicolae_overflow_hidden_temple, first_bread
D:3:      minmay_tree_intersection, tgw_xom

Skill      XL: |  1  2  3  4 |
---------------+-------------+-----
Spellcasting   | 5 |  5.7
Charms         | 1 |  1.1
Stealth        | 3 |  3.1
Dodging        | |  2.9
Conjurations   | |  1.9
Summonings     | |  1.5
Translocations | |  1.7

Action                   |  1- 3 |  4- 6 || total
-------------------------+-------+-------++-------
 Fire: Hunting sling     |       |     8 ||     8
Throw: Javelin           |       |     7 ||     7
 Cast: Magic Dart        |    91 |    31 ||   122
       Repel Missiles    |     1 |       ||     1
       Mephitic Cloud    |     3 |     1 ||     4
       Call Imp          |     1 |     6 ||     7
       Conjure Flame     |       |     5 ||     5
  Eat: Chunk             |     3 |     1 ||     4
Armor: Robe              |     2 |     1 ||     3
Dodge: Dodged            |    19 |     7 ||    26
       Deflected         |       |     1 ||     1
